 Dungeon Crawl Stone Soup version 0.29.1-15-g9cfb28693d (webtiles) character file.

Game seed: 14484087649050830443

44490 growler the Black Belt (level 14, -4/120 HPs)
             Began as a Merfolk Transmuter on Mar 13, 2023.
             Was a High Priest of Wu Jian.
             Slain by a yak (5 damage)
             ... while petrified by a basilisk
             ... on level 5 of the Lair of Beasts.
             The game lasted 00:46:08 (24991 turns).

growler the Black Belt (Merfolk Transmuter)        Turns: 24991, Time: 00:46:08

Health: -4/120     AC:  7    Str: 10    XL:     14   Next: 28%
Magic:  20/20      EV:  2    Int: 19    God:    Wu Jian [*****.]
Gold:   934        SH:  0    Dex: 20    Spells: 6/21 levels left

rFire   . . .      SeeInvis .     - Unarmed
rCold   . . .      Faith    .   (no shield)
rNeg    + + +      Spirit   .   L - +1 leather armour "Tietov" {+Inv rN+ Int+4 Dex+3}
rPois   ∞          Reflect  .   a - +1 hat
rElec   .          Harm     .   F - +0 cloak
rCorr   .          Rampage  .   (no gloves)
Will    +....                   G - +0 pair of boots
Stlth   +++.......              (no amulet)
HPRegen 0.30/turn               w - ring of poison resistance
MPRegen 0.17/turn               D - ring of flight

@: petrified, flying
A: (nimble swimmer 2), mertail
a: Renounce Religion, Evoke Invisibility, Wall Jump, Serpent's Lash, Heavenly
Storm


You were on level 5 of the Lair of Beasts.
You worshipped Wu Jian.
Wu Jian was extremely pleased with you.
You visited 3 branches of the dungeon, and saw 18 of its levels.

You collected 934 gold pieces.

Inventory:

Armour
 a - a +1 hat (worn)
 r - +0 steam dragon scales
 F - a +0 cloak (worn)
 G - a +0 pair of boots (worn)
 H - a +0 troll leather armour
 L - the +1 leather armour "Tietov" (worn) {+Inv rN+ Int+4 Dex+3}
   (You found it on level 2 of the Lair of Beasts)

   Int:       It affects your intelligence (+4).
   Dex:       It affects your dexterity (+3).
   rN:        It protects you from negative energy.
   +Inv:      It lets you turn invisible.
Jewellery
 w - a ring of poison resistance (left hand)
 C - an amulet of magic regeneration
 D - a ring of flight (right hand)
 M - a +4 ring of protection
Wands
 y - a wand of digging (4)
 I - a wand of charming (1)
 K - a wand of iceblast (4)
Scrolls
 d - a scroll of magic mapping {unknown}
 f - 4 scrolls of immolation
 g - 5 scrolls of teleportation
 j - 2 scrolls of blinking
 l - 3 scrolls of fog
 m - 4 scrolls of enchant armour
 o - a scroll of torment
 p - a scroll of amnesia
 q - 2 scrolls of silence
 t - 7 scrolls of fear
 u - a scroll of vulnerability
 x - a scroll of poison
 A - a scroll of enchant weapon
 J - a scroll of acquirement {unknown}
 N - a scroll of identify
Potions
 b - 3 potions of berserk rage
 c - 10 potions of curing
 e - 2 potions of invisibility
 h - 2 potions of mutation
 i - a potion of attraction
 k - 4 potions of flight
 n - 4 potions of cancellation
 s - 4 potions of brilliance
 v - 11 potions of heal wounds
 z - 2 potions of haste
 B - a potion of might
 E - 4 potions of lignification


   Skills:
 - Level 14.0 Fighting
 + Level 3.3 Armour
 - Level 9.0 Dodging
 - Level 6.0 Stealth
 + Level 17.4 Unarmed Combat
 - Level 4.0 Spellcasting
 + Level 8.7 Transmutations
 - Level 5.0 Ice Magic
 + Level 4.5 Evocations


You had 6 spell levels left.
You knew the following spells:

 Your Spells              Type           Power      Damage    Failure   Level
a - Beastly Appendage     Tmut           72%        N/A       1%          1
b - Wereblood             Tmut           36%        N/A       1%          2
c - Spider Form           Tmut/Pois      20%        N/A       9%          3
d - Ice Form              Ice/Tmut       29%        N/A       11%         4
e - Blade Hands           Tmut           18%        N/A       14%         5

Your spell library contained the following spells:

 Spells                   Type           Power      Damage    Failure   Level
 Freeze                   Ice            88%        1d10      2%          1
 Frozen Ramparts          Ice            44%        1d7       7%          3
 Ensorcelled Hibernation  Hex/Ice        26%        N/A       10%         2
 Ignite Poison            Fire/Tmut/Pois 14%        N/A       17%         3
 Foxfire                  Conj/Fire      12%        2x1d4     19%         1
 Summon Small Mammal      Summ           12%        N/A       19%         1
 Call Canine Familiar     Summ           3%         N/A       47%         3
 Conjure Flame            Conj/Fire      3%         6-21      47%         3
 Dazzling Flash           Conj/Hex       6%         N/A       47%         3
 Gell's Gravitas          Tloc           3%         N/A       47%         3
 Inner Flame              Hex/Fire       3%         N/A       47%         3
 Lesser Beckoning         Tloc           3%         N/A       47%         3
 Mephitic Cloud           Conj/Pois/Air  3%         N/A       47%         3
 Summon Guardian Golem    Hex/Summ       3%         N/A       47%         3
 Teleport Other           Tloc           3%         N/A       47%         3
 Hailstorm                Conj/Ice       13%        3d5       54%         4
 Summon Ice Beast         Ice/Summ       13%        N/A       54%         4
 Airstrike                Air            1%         2d(1-17)  87%         4
 Anguish                  Hex/Necr       1%         N/A       87%         4
 Animate Armour           Summ/Erth      6%         N/A       87%         4
 Animate Dead             Necr           3%         N/A       87%         4
 Flame Wave               Conj/Fire      3%         2d5       87%         4
 Summon Lightning Spire   Summ/Air       3%         N/A       87%         4
 Freezing Cloud           Conj/Ice/Air   5%         6-21      95%         5
 Agony                    Necr           3%         N/A       99%         5
 Borgnjor's Vile Clutch   Necr/Erth      1%         N/A       99%         5
 Lightning Bolt           Conj/Air       1%         1d12      99%         5
 Silence                  Hex/Air        1%         N/A       99%         5
 Death Channel            Necr           1%         N/A       100%        6
 Dispersal                Tloc           1%         N/A       100%        6
 Iron Shot                Conj/Erth      1%         9d1       100%        6
 Summon Cactus Giant      Summ           1%         N/A       100%        6
 Orb of Destruction       Conj           1%         9d5       100%        7
 Spellforged Servitor     Conj/Summ      1%         N/A       100%        7


Dungeon Overview and Level Annotations

Branches:
Dungeon (12/15)            Temple (1/1) D:5            Lair (5/5) D:9
  Swamp (0/4) Lair:3       Spider (0/4) Lair:3          Orc (0/2) D:11
  Slime: Lair:4-5

Altars:
Ashenzari
Cheibriados
Dithmenos
Elyvilon
Fedhas
Gozag
Hepliaklqana
Kikubaaqudgha
Makhleb
Nemelex Xobeh
Okawaru
Qazlal
Ru
Sif Muna
Trog
Uskayaw
Vehumet
Wu Jian
Xom
Yredelemnul
Zin
The Shining One

Shops:
D:4 !(*?(   D:5 [   D:6 :

Annotations:
D:9 exclusion: orange crystal statue


Innate Abilities, Weirdness & Mutations

((You are very nimble when in or above water. (Stealth+, EV+, Speed+++)))
Your lower body shifts to a powerful aquatic tail in water.


Message History

The yak snorts and paws the ground.
The yak gores you! The yak gores you but does no damage.
The basilisk gazes at you. The ice encasing you melts away.
The wolf bites you. x2; The yak completely misses you.
The yak gores you. The wolf bites you but does no damage. The wolf bites you.
The basilisk gazes at you.
You easily resist.
The wolf bites you but does no damage. x2; The yak gores you!
* * * LOW HITPOINT WARNING * * *
The yak gores you!
* * * LOW HITPOINT WARNING * * *
The basilisk bites you but does no damage.
The wolf bites you but does no damage. The wolf bites you.
* * * LOW HITPOINT WARNING * * *
You warm up again.
Your +0 cloak unmelds from your body.
Your +1 hat unmelds from your body.
Your +0 pair of boots unmelds from your body.
The +1 leather armour "Tietov" {+Inv rN+ Int+4 Dex+3} unmelds from your body.
The wolf bites you.
* * * LOW HITPOINT WARNING * * *
The wolf bites you but does no damage. The yak gores you!
* * * LOW HITPOINT WARNING * * *
The yak gores you!
* * * LOW HITPOINT WARNING * * *
The basilisk bites you!
* * * LOW HITPOINT WARNING * * *
The wolf bites you but does no damage. The wolf bites you!
* * * LOW HITPOINT WARNING * * *
The yak gores you!
* * * LOW HITPOINT WARNING * * *
The yak gores you.
* * * LOW HITPOINT WARNING * * *
The wolf bites you but does no damage. x2
The basilisk gazes at you.
You feel less exhausted. The wolf bites you but does no damage.
The wolf bites you.
* * * LOW HITPOINT WARNING * * *
The yak gores you!
You die...

............... .............
/.......... #.....## ####
#......#
#.#.###########......#### ##
P##......#...P#.#.†.......##..#
..........†.....hl..........)..
................@YY............
................Yh.......!....#
......................†.......P
#P.......#.##..#.#....#.......~
###...<.#.###########........~
#.....#### ......P.. ##....#
#.....#.P #.....# .........
#...... .......


You could see 3 yaks, a basilisk and 2 wolves.

Vanquished Creatures
  Nessos (D:12)
  6 hydras
  3 boulder beetles
  2 catoblepae
  A two-headed ogre (D:10)
  Sonja (Lair:2)
  An orb spider (Lair:3)
  An ugly thing (D:12)
  3 manticores
  A cyclops (D:12)
  15 elephants
  A gargoyle (D:12)
  17 cane toads
  7 komodo dragons
  An unseen horror (D:9)
  3 rime drakes
  4 trolls
  A polar bear (Lair:2)
  A hornet (D:7)
  8 blink frogs (Lair:3)
  5 slime creatures (D:12)
  3 dream sheep
  2 shadows
  A wraith (D:11)
  Eustachio (D:5)
  23 yaks
  3 wyverns (D:9)
  5 vampire mosquitoes
  7 basilisks
  4 steam dragons
  2 acid dragons
  13 water moccasins
  4 orc warriors
  2 ice beasts (D:7)
  2 sky beasts
  4 black bears
  35 wolves
  4 centaurs
  5 kobold brigands (D:8)
  7 bullfrogs
  3 necrophages
  A gnoll sergeant (D:10)
  4 scorpions
  8 wights
  18 killer bees
  9 electric eels
  2 howler monkeys (D:6)
  3 hounds
  4 orc priests
  2 gnoll boudas
  5 jellies
  11 orc wizards
  4 hell rats (Lair:2)
  Robin (D:3)
  14 gnolls
  4 adders
  3 ufetubi
  2 worms
  3 dart slugs
  31 orcs
  7 ball pythons
  7 bats
  6 endoplasms
  6 giant cockroaches
  15 goblins
  9 hobgoblins
  5 iguanas
  8 jackals
  2 quokkas (D:4)
  6 frilled lizards
  16 kobolds
  8 rats
437 creatures vanquished.

Vanquished Creatures (others)
  34 fungi
  37 plants
71 creatures vanquished.

Grand Total: 508 creatures vanquished

Notes
Turn   | Place    | Note
-------+----------+-------------------------------------------
     0 | D:1      | growler the Merfolk Transmuter began the quest for the Orb.
     0 | D:1      | Reached XP level 1. HP: 15/15 MP: 3/3
   415 | D:1      | Reached XP level 2. HP: 21/21 MP: 3/5
   418 | D:1      | Learned a level 2 spell: Wereblood
   903 | D:1      | Reached XP level 3. HP: 19/26 MP: 4/6
  1676 | D:1      | Learned a level 3 spell: Spider Form
  2064 | D:2      | Reached skill level 4 in Unarmed Combat
  2309 | D:2      | Noticed a necrophage
  2324 | D:2      | Killed a necrophage
  2325 | D:2      | Reached XP level 4. HP: 17/32 MP: 1/8
  2508 | D:2      | Reached XP level 5. HP: 33/37 MP: 9/9
  2513 | D:2      | Learned a level 4 spell: Ice Form
  2711 | D:2      | Reached skill level 5 in Unarmed Combat
  2842 | D:2      | Found a broken altar of Ashenzari.
  3245 | D:3      | Found a broken altar of Ashenzari.
  3497 | D:3      | Noticed Robin
  3515 | D:3      | Killed Robin
  4200 | D:4      | Reached skill level 6 in Unarmed Combat
  4201 | D:4      | Reached XP level 6. HP: 43/43 MP: 5/10
  4455 | D:4      | Found a shimmering altar of Xom.
  4847 | D:4      | You fall into a shaft and drop 1 floor!
  4847 | D:5      | Entered Level 5 of the Dungeon
  4847 | D:5      | Found a staircase to the Ecumenical Temple.
  4858 | Temple   | Entered the Ecumenical Temple
  4881 | Temple   | Became a worshipper of the Wu Jian Council
  4950 | D:5      | Noticed Eustachio
  4964 | D:5      | Killed Eustachio
  4965 | D:5      | Reached skill level 7 in Unarmed Combat
  4965 | D:5      | Reached XP level 7. HP: 19/48 MP: 8/11
  5174 | D:5      | Reached skill level 8 in Unarmed Combat
  5674 | D:5      | Reached * piety under Wu Jian
  5981 | D:5      | Reached skill level 9 in Unarmed Combat
  6098 | D:5      | Found Feuxzett's Armour Shop.
  6498 | D:4      | Reached XP level 8. HP: 46/54 MP: 6/12
  6564 | D:4      | Found Xagej's Assorted Antiques.
  6566 | D:4      | Found Subeill's Weapon Shop.
  6579 | D:4      | Found Luweis's Distillery.
  6630 | D:4      | Found a basalt altar of Yredelemnul.
  6631 | D:4      | Found a radiant altar of Vehumet.
  6873 | D:4      | Reached skill level 10 in Unarmed Combat
  6923 | D:4      | Found Haron's Magic Scroll Shop.
  7009 | D:4      | Found Feopubruefu's Weapon Boutique.
  7292 | D:6      | Found Waowiunt's Tremendous Tomes.
  7425 | D:6      | Reached skill level 1 in Ice Magic
  7573 | D:6      | Reached ** piety under Wu Jian
  8018 | D:6      | Reached skill level 5 in Transmutations
  8463 | D:7      | Noticed a hornet
  8469 | D:7      | Killed a hornet
  8470 | D:7      | Reached XP level 9. HP: 60/64 MP: 9/15
  9308 | D:7      | Reached skill level 11 in Unarmed Combat
  9762 | D:8      | Reached skill level 5 in Fighting
  9772 | D:8      | Reached skill level 5 in Ice Magic
  9938 | D:8      | Noticed a two-headed hydra
  9945 | D:8      | Killed a two-headed hydra
  9946 | D:8      | Reached XP level 10. HP: 61/77 MP: 13/16
  9947 | D:8      | Reached skill level 12 in Unarmed Combat
 10469 | D:8      | Reached *** piety under Wu Jian
 11000 | D:8      | Found an opulent altar of Gozag.
 11092 | D:8      | Found a shadowy altar of Dithmenos.
 11404 | D:8      | Reached skill level 13 in Unarmed Combat
 11867 | D:9      | Reached XP level 11. HP: 89/89 MP: 9/17
 12205 | D:9      | Found a staircase to the Lair.
 12244 | D:9      | Reached skill level 10 in Fighting
 12360 | D:9      | Noticed an orange crystal statue
 13008 | D:9      | Reached skill level 14 in Unarmed Combat
 13616 | D:10     | Entered Level 10 of the Dungeon
 13616 | D:10     | Noticed a two-headed ogre
 13619 | D:10     | Killed a two-headed ogre
 13868 | D:10     | Identified the +1 scale mail of Circular Logic {rPois
                  | Regen+}
 13897 | D:10     | Reached **** piety under Wu Jian
 15154 | D:10     | Learned a level 5 spell: Blade Hands
 15446 | D:11     | Reached skill level 1 in Stealth
 15449 | D:11     | Noticed a manticore
 15460 | D:11     | Killed a manticore
 15846 | D:11     | Found a staircase to the Orcish Mines.
 16078 | D:11     | Noticed a manticore
 16087 | D:11     | Killed a manticore
 16488 | D:11     | Noticed a boulder beetle
 16512 | D:11     | Killed a boulder beetle
 16513 | D:11     | Reached XP level 12. HP: 76/100 MP: 12/18
 16829 | D:11     | Reached skill level 5 in Dodging
 17460 | D:12     | Reached skill level 15 in Unarmed Combat
 17590 | D:12     | Noticed Nessos
 17600 | D:12     | Killed Nessos
 17655 | D:12     | Noticed a six-headed hydra
 17658 | D:12     | Killed a six-headed hydra
 17877 | D:12     | Noticed a boulder beetle
 17906 | D:12     | Got the Verses on the Escort
 17914 | D:12     | Killed a boulder beetle
 17915 | D:12     | Reached skill level 5 in Stealth
 18288 | D:12     | Noticed a boulder beetle
 18305 | D:12     | Killed a boulder beetle
 18936 | Lair:1   | Entered Level 1 of the Lair of Beasts
 20036 | Lair:2   | Reached XP level 13. HP: 55/109 MP: 17/19
 20298 | Lair:2   | Noticed Sonja
 20299 | Lair:2   | Reached skill level 16 in Unarmed Combat
 20310 | Lair:2   | Killed Sonja
 21604 | Lair:2   | Identified the +1 leather armour "Tietov" {+Inv rN+ Int+4
                  | Dex+3}
 22169 | Lair:3   | Reached skill level 1 in Evocations
 22173 | Lair:3   | Reached skill level 1 in Armour
 22534 | Lair:3   | Found a hole to the Spider Nest.
 22680 | Lair:3   | Reached skill level 17 in Unarmed Combat
 23024 | Lair:3   | Reached XP level 14. HP: 120/120 MP: 16/20
 23272 | Lair:3   | Reached ***** piety under Wu Jian
 23620 | Lair:3   | Found a staircase to the Swamp.
 24932 | Lair:5   | Entered Level 5 of the Lair of Beasts
 24990 | Lair:5   | HP: 4/120 [yak (4)]
 24991 | Lair:5   | HP: 1/120 [wolf (1)]
 24991 | Lair:5   | Slain by a yak

Illustrated notes

Levels and vault maps discovered:
D:1:      amcnicky_arrival_single_pillar, layout_basic, minmay_pentomino_t4
D:2:      layout_basic, basic_altar
D:3:      layout_basic, lemuel_crystal_altar, uniq_robin
D:4:      layout_basic, dk_xom_monty_hall, amethyst_overflow_temple_binary,
          serial_shops, shop, nicolae_square_shop, nicolae_shop_window_shopping,
          nicolae_shop_bloodbath_and_beyond, shop_fountains
D:5:      layout_gridville, minmay_temple_entry_statues_fountains, serial_shops,
          nicolae_shop_advertising_works [nicolae_subvault_shop_adworks],
          uniq_eustachio
D:6:      nicolae_cairo_tiling_very_big, layout_loops_ring,
          nicolae_shop_i_like_big_books
D:7:      layout_basic
D:8:      layout_basic, mainiacjoe_overflow_divided_tiny, hangedman_ranch
D:9:      minmay_evil_eye, layout_stronghold, minmay_lair_entry_grove,
          minmay_splitting_lines, minivault_15
D:10:     layout_basic, nicolae_lava_and_water
D:11:     layout_gridville, orc_0_dummy
D:12:     layout_loops_ring, uniq_nessos
Temple:   lightli_temple_of_artemis
Lair:1:   layout_cave_shapes, chequers_serial_rivers_room_a
Lair:2:   layout_regular_city, grunt_forest_large_clearings, uniq_sonja
Lair:3:   layout_long_grid, minmay_swamp_entry_eels,
          nicolae_spider_entry_orb_guardian, serial_bayou_pond_b,
          beast_lair_carwin_10
Lair:4:   layout_gridlike, minivault_27, st_stairs_3
Lair:5:   guppyfry_lair_end_dragon, layout_long_grid,
          nicolae_slime_entry_slimehenge

Skill      XL: |  1  2  3  4  5  6  7  8  9 10 11 12 13 14 |
---------------+-------------------------------------------+-----
Transmutations | 3 4 5 6 7 8 |  8.7
Unarmed Combat | 4 6 7 9 10 11 13 14 15 17 | 17.4
Spellcasting   | 3 4 |  4.0
Ice Magic      | 2 5 |  5.0
Fighting       | 3 6 9 11 12 14 | 14.0
Dodging        | 4 8 9 |  9.0
Stealth        | 3 6 |  6.0
Evocations     | 3 4 |  4.5
Armour         | 2 3 |  3.3

Action                   |  1- 3 |  4- 6 |  7- 9 | 10-12 | 13-15 || total
-------------------------+-------+-------+-------+-------+-------++-------
Melee: Unarmed           |   109 |   149 |   251 |   468 |   356 ||  1333
       Headbutt          |    15 |     9 |     9 |       |       ||    33
       Punch             |     3 |     3 |     3 |     2 |       ||    11
 Cast: Beastly Appendage |    22 |    16 |     8 |     2 |       ||    48
       Spider Form       |     1 |     3 |    22 |       |       ||    26
       Wereblood         |       |     2 |     9 |     3 |       ||    14
       Ice Form          |       |       |     5 |    52 |    26 ||    83
Invok: Lunge             |       |     1 |    28 |    44 |    29 ||   102
       Whirlwind         |       |       |    12 |    93 |   152 ||   257
       Serpent's Lash    |       |       |       |     3 |     6 ||     9
Evoke: Wand              |       |       |       |     5 |    21 ||    26
  Use: Potion            |     1 |       |     1 |     2 |       ||     4
       Scroll            |       |     6 |     5 |     9 |     4 ||    24
 Stab: Sleeping          |     1 |     4 |     2 |     3 |     9 ||    19
       Distracted        |       |       |       |       |     1 ||     1
       Petrifying        |       |       |       |       |     1 ||     1
       Petrified         |       |       |       |       |     1 ||     1
Armor: Robe              |    13 |    15 |     4 |       |       ||    32
       Skin              |     1 |     3 |    11 |    82 |    59 ||   156
       Steam dragon scal |       |       |       |     4 |       ||     4
       Leather armour    |       |       |       |       |     6 ||     6
Dodge: Dodged            |    66 |   124 |   137 |   159 |   114 ||   600
